 Dungeon Crawl Stone Soup version 0.20-a0-270-g8e735b6 (webtiles) character file.

890 AlphabetPasta the Poker (level 7, 0/60 HPs)
             Began as a Centaur Chaos Knight on Dec 10, 2016.
             Succumbed to Pikel's poison
             ... on level 6 of the Dungeon.
             The game lasted 00:20:16 (3949 turns).

AlphabetPasta the Poker (Centaur Chaos Knight)      Turns: 3949, Time: 00:20:16

Health: 0/60       AC: 11    Str: 13 (15) XL:     7   Next: 77%
Magic:  2/8        EV:  4    Int: 10 (11) God:    Xom [..*...]
Gold:   200        SH:  0    Dex:  6 (10) Spells: 6/6 levels left

rFire  + . .     SeeInvis .     l - +0 trident
rCold  . . .     Gourm    .     p - +0 chain mail {rF+}
rNeg   . . .     Faith    .     (no shield)
rPois  .         Spirit   +     (no helmet)
rElec  .         Reflect  .     (no cloak)
rCorr  .         Harm     .     j - +2 pair of gloves
MR     .....                    (no barding)
Stlth  ..........               f - amulet of guardian spirit
                                (no ring)
                                (no ring)

@: lethally poisoned (0 -> -18), very quick
A: hooves 3, deformed body, speed 2, tough skin 3
a: Renounce Religion


You were on level 6 of the Dungeon.
You worshipped Xom.
You were a toy of Xom.
You were not hungry.

You visited 1 branch of the dungeon, and saw 6 of its levels.

You collected 200 gold pieces.

Inventory:

Hand Weapons
 a - a +0 spear of chaos
 h - a +1 spear
 l - a +0 trident (weapon)
Armour
 b - a +3 leather armour
 j - a +2 pair of gloves (worn)
 p - a +0 chain mail of fire resistance (worn)
Jewellery
 f - an amulet of guardian spirit (around neck)
Wands
 i - a wand of enslavement (18/24)
 r - a wand of flame (30/48)
 s - a wand of flame (36/48)
Scrolls
 n - a scroll of amnesia
 o - a scroll of enchant armour
 q - a scroll of remove curse
Potions
 e - a potion of brilliance
Comestibles
 c - 3 bread rations
 d - a slice of pizza
 g - a beef jerky
 k - 2 chunks of flesh
 m - a royal jelly


   Skills:
 + Level 4.8 Fighting
 * Level 5.5 Polearms
 + Level 3.1 Armour
 + Level 2.6 Dodging
 + Level 2.4 Evocations


You had 6 spell levels left.
You didn't know any spells.

Dungeon Overview and Level Annotations

Branches:
Dungeon (6/15)             Temple (0/1) D:5

Altars:
Fedhas
Kikubaaqudgha
Trog
Vehumet
Xom
Yredelemnul

Annotations:
D:3 DoctorBileduct's ghost, amateur HOMo
D:4 DoctorBileduct's ghost, amateur FoAs
D:5 exclusion: oklob plant
D:6 Pikel


Innate Abilities, Weirdness & Mutations

You have hooves in place of feet.
Armour fits poorly on your strangely shaped body.
You cover ground very quickly.
You have extremely tough skin. (AC +3)


Message History

Pikel picks up a whip of flaming.
Pikel wields a whip of flaming.
It bursts into flame!
You hit Pikel.
Pikel is moderately wounded.
* * * LOW HITPOINT WARNING * * *
You feel sick. Pikel hits you but does no damage.
You hit Pikel. You kick Pikel.
Pikel is heavily wounded.
* * * LOW HITPOINT WARNING * * *
You feel sick. Pikel hits you but does no damage.
You barely miss Pikel.
Pikel is heavily wounded.
* * * LOW HITPOINT WARNING * * *
You feel sick.
Pikel says, "Slavery isn't that bad."
Pikel hits you but does no damage.
You hit Pikel.
Pikel is heavily wounded.
You die...
Xom howls with laughter!

################
#.<...........[#
##############.######
#.pp@...>............
##p#####.#####.######
#. #............. #K
#######.###### #. #.#
#p #.# #. #.# #. #.#
#.#


You could see Pikel the human and 2 slaves.

Vanquished Creatures
  Sigmund (D:4)
  Edmund (D:4)
  A water moccasin (D:5)
  2 eyes of draining (D:4)
  A quasit (D:6)
  A centaur skeleton (D:4)
  A hound (D:4)
  An orc wizard (D:4)
  An iguana (D:6)
  A worker ant zombie (D:5)
  A gnoll (D:1)
  7 adders
  An ooze (D:3)
  An adder zombie (D:6)
  2 worms
  A dart slug (shapeshifter) (D:3)
  A leopard gecko (D:4)
  4 orcs
  5 giant cockroaches
  6 hobgoblins
  6 jackals
  4 quokkas
  A ball python (D:1)
  13 bats
  2 frilled lizards
  9 goblins
  12 kobolds
  A leopard gecko skeleton (D:4)
  4 rats
  A spectral orc (D:4)
93 creatures vanquished.

Notes
Turn   | Place    | Note
-------+----------+-------------------------------------------
     0 | D:1      | AlphabetPasta the Centaur Chaos Knight began the quest for the Orb.
     0 | D:1      | Reached XP level 1. HP: 19/19 MP: 1/1
    97 | D:1      | Reached skill level 3 in Polearms
    97 | D:1      | Reached XP level 2. HP: 26/26 MP: 2/2
   238 | D:1      | XOM: silly message
   333 | D:1      | Reached skill level 1 in Dodging
   482 | D:1      | XOM: harmless Divn miscast
   521 | D:1      | Reached XP level 3. HP: 29/31 MP: 3/3
   865 | D:2      | XOM: give mutations
   865 | D:2      | Gained mutation: Your muscles are strong. (Str +2) [Xom's grace]
   865 | D:2      | Gained mutation: Your spells are a little harder to cast, but a little more powerful. [Xom's grace]
   865 | D:2      | Gained mutation: You passively map a small area around you. [Xom's grace]
  1276 | D:3      | Found a radiant altar of Vehumet.
  1291 | D:3      | Reached XP level 4. HP: 38/38 MP: 4/4
  1488 | D:3      | XOM: 1-stop teleportation journey
  1575 | D:3      | Noticed DoctorBileduct's ghost (amateur HOMo)
  2027 | D:4      | XOM: enchant monster (bad)
  2031 | D:4      | XOM: enchant monster (good)
  2059 | D:4      | Reached XP level 5. HP: 44/46 MP: 5/5
  2069 | D:4      | Found a bloodstained altar of Trog.
  2069 | D:4      | Noticed an eye of draining
  2069 | D:4      | Noticed an eye of draining
  2073 | D:4      | XOM: fake destruction
  2074 | D:4      | XOM: scenery: create altars
  2078 | D:4      | XOM: cleaving
  2094 | D:4      | Killed an eye of draining
  2094 | D:4      | Reached skill level 4 in Polearms
  2094 | D:4      | Reached skill level 1 in Evocations
  2096 | D:4      | Killed an eye of draining
  2096 | D:4      | Reached XP level 6. HP: 52/52 MP: 1/7
  2157 | D:4      | XOM: scenery: create altars
  2191 | D:4      | Noticed Sigmund
  2215 | D:3      | XOM: scenery: 1 doors close
  2225 | D:3      | XOM: enchant monster (good)
  2229 | D:3      | XOM: scenery: create altars
  2231 | D:3      | XOM: chaos cloud
  2322 | D:4      | Noticed DoctorBileduct's ghost (amateur FoAs)
  2527 | D:4      | Noticed Edmund
  2538 | D:4      | XOM: fog
  2541 | D:4      | XOM: cast spell 'Spider Form'
  2545 | D:4      | XOM: confuse monster(s)
  2564 | D:4      | Killed Edmund
  2568 | D:4      | XOM: silly message
  2682 | D:4      | Reached XP level 7. HP: 32/60 MP: 8/8
  2801 | D:4      | XOM: cast spell 'Summon Butterflies'
  2819 | D:4      | XOM: noise
  2834 | D:4      | Killed Sigmund
  2834 | D:4      | Reached skill level 5 in Polearms
  2846 | D:5      | Entered Level 5 of the Dungeon
  2847 | D:5      | Lost mutation: Your spells are a little harder to cast, but a little more powerful. [potion of cure mutation]
  2847 | D:5      | Lost mutation: Your muscles are strong. (Str +2) [potion of cure mutation]
  2847 | D:5      | Lost mutation: You passively map a small area around you. [potion of cure mutation]
  2953 | D:4      | Found a basalt altar of Yredelemnul.
  3048 | D:5      | Found a staircase to the Ecumenical Temple.
  3067 | D:5      | XOM: silly message
  3213 | D:5      | Found an ancient bone altar of Kikubaaqudgha.
  3417 | D:5      | Found a blossoming altar of Fedhas.
  3430 | D:5      | Noticed an oklob plant
  3436 | D:5      | XOM: 4-stop teleportation journey
  3458 | D:5      | XOM: scenery: create altars
  3564 | D:5      | XOM: mild Hex miscast
  3930 | D:6      | Noticed Pikel
  3937 | D:6      | Noticed Pikel
  3937 | D:6      | Pikel changed into Pikel the meliai
  3937 | D:6      | XOM: polymorph Pikel -> Pikel the meliai
  3944 | D:6      | Noticed Pikel
  3944 | D:6      | Pikel the meliai changed into Pikel the human
  3944 | D:6      | XOM: polymorph Pikel the meliai -> Pikel the human
  3947 | D:6      | HP: 3/60 [poisoned by Pikel]
  3949 | D:6      | Succumbed to Pikel's poison

Vault maps used:
D:1:      dpeg_arrival_tiny_j, amethyst_killhole, minmay_misc_feat_doors
D:3:      vehumet_crystals, serial_glass, glass_columns_b, glass_columns_b,
          glass_columns_c, glass_columns_b, glass_columns_b, glass_columns_a,
          glass_columns_b, glass_columns_a
D:4:      yredelemnul_forgotten_temple_becter, first_bread,
          trog_eyes_of_draining, uniq_sigmund, uniq_edmund
D:5:      kiku_gazebo_garden_becter, tgw_fedhas
D:6:      lemuel_angel_altar, uniq_pikel, uniq_blork_the_orc, uniq_eustachio

Skill      XL: |  1  2  3  4  5  6  7 |
---------------+----------------------+-----
Polearms       | 3 4 5 |  5.5
Dodging        | 1 2 |  2.6
Armour         | 2 3 |  3.1
Fighting       | 4 |  4.8
Evocations     | 1 2 |  2.4

Action                   |  1- 3 |  4- 6 |  7- 9 || total
-------------------------+-------+-------+-------++-------
Melee: Spear             |   135 |   156 |    35 ||   326
       Kick              |    15 |    29 |    13 ||    57
       Unarmed           |       |    13 |       ||    13
       Trident           |       |       |    73 ||    73
  Use: Scroll            |     4 |     2 |     5 ||    11
       Potion            |     3 |       |     3 ||     6
 Stab: Paralysed         |     1 |       |       ||     1
       Petrifying        |       |     1 |       ||     1
       Petrified         |       |     1 |       ||     1
       Sleeping          |       |     1 |       ||     1
       Confused          |       |     2 |       ||     2
  Eat: Chunk             |       |     3 |       ||     3
       Meat ration       |       |     1 |       ||     1
Armor: Leather armour    |    40 |    46 |    27 ||   113
       Chain mail        |       |       |    18 ||    18
Dodge: Dodged            |    33 |    53 |    42 ||   128
